 Dungeon Crawl Stone Soup version 0.26-a0-834-g69557b85cc (webtiles) character file.

Game seed: 3037002432618538942

1722 jiml777 the Thaumaturge (level 8, -3/41 HPs)
             Began as a Deep Elf Air Elementalist on Nov 17, 2020.
             Was a Follower of Sif Muna.
             Killed from afar by Harold (13 damage)
             ... with a harpoon shot
             ... on level 7 of the Dungeon.
             The game lasted 00:47:14 (7573 turns).

jiml777 the Thaumaturge (Deep Elf Air Elementalist) Turns: 7573, Time: 00:47:15

Health: -3/41      AC:  8    Str:  5    XL:     8   Next: 75%
Magic:  2/23       EV: 14    Int: 23    God:    Sif Muna [*.....]
Gold:   403        SH:  0    Dex: 21    Spells: 11/26 levels left

rFire    + + .     SeeInvis .   e - staff of fire
rCold    x . .     Faith    .   (no shield)
rNeg     . . .     Spirit   .   a - +1 robe
rPois    .         Reflect  .   i - +2 hat
rElec    .         Harm     .   (no cloak)
rCorr    .         Rampage  .   b - +2 pair of gloves
MR       .....                  (no boots)
Stlth    +++.......             r - amulet of regeneration
HPRegen  0.53/turn              v - +6 ring of dexterity
MPRegen  0.18/turn              f - ring of fire

@: swift, marked, very slightly contaminated, very quick
A: no striking features
a: Channel Magic, Renounce Religion


You were on level 7 of the Dungeon.
You worshipped Sif Muna.
Sif Muna was aware of your devotion.
You visited 2 branches of the dungeon, and saw 8 of its levels.

You collected 403 gold pieces.

Inventory:

Hand Weapons
 o - a +4 short sword of venom
Missiles
 c - 16 poisoned darts (quivered)
 h - 2 boomerangs of dispersal
 x - 77 arrows
Armour
 a - a +1 robe (worn)
 b - a +2 pair of gloves (worn)
 i - a +2 hat (worn)
Magical Staves
 e - an uncursed staff of fire (weapon)
Jewellery
 f - a ring of fire (right hand)
 r - an amulet of regeneration (around neck)
 t - an uncursed ring of poison resistance
 u - an uncursed amulet of guardian spirit
 v - a +6 ring of dexterity (left hand)
Wands
 y - a wand of flame (23)
Scrolls
 g - 3 scrolls of remove curse
 q - a scroll of teleportation
 s - 2 scrolls of fear
Potions
 d - 2 potions of lignification
 j - a potion of resistance
 k - a potion of brilliance {unknown}
 l - a potion of invisibility {unknown}
 m - 2 potions of might
 n - a potion of heal wounds {unknown}
 p - a potion of berserk rage {unknown}
 w - a potion of curing
 z - a potion of magic {unknown}
 A - a potion of haste {unknown}


   Skills:
 - Level 0.2 Fighting
 + Level 0.3 Short Blades
 + Level 2.8 Dodging
 + Level 3.3 Stealth
 + Level 9.6 Spellcasting
 * Level 5.7 Conjurations
 + Level 7.3 Air Magic


You had 11 spell levels left.
You knew the following spells:

 Your Spells              Type           Power        Failure   Level
a - Shock                 Conj/Air       ####         1%          1
b - Swiftness             Air            #####...     1%          2
c - Static Discharge      Conj/Air       #####...     1%          3
d - Airstrike             Air            #####.....   3%          4
e - Lightning Bolt        Conj/Air       #####.....   11%         5

Your spell library contained the following spells:

 Spells                   Type           Power        Failure   Level


Dungeon Overview and Level Annotations

Branches:
Dungeon (8/15)             Temple (1/1) D:4
   Lair: D:8-11

Altars:
Ashenzari
Cheibriados
Elyvilon
Fedhas
Gozag
Kikubaaqudgha
Makhleb
Nemelex Xobeh
Okawaru
Qazlal
Sif Muna
Uskayaw
Xom
Zin

Shops:
D:3 *

Annotations:
D:7 Harold


Message History

Casting: Airstrike (dangerous; 3% risk of failure)
Confirm with . or Enter, or press ? or * to list all spells.
Aiming: Airstrike (dangerous; 3% risk of failure)
Press: ? - help, Dir - move target cursor, f/p - Harold
Aim: Harold, wielding a +0 hand axe of freezing and wearing a +0 chain mail (severely wounded)
The air twists around and strikes Harold!
Harold is almost dead.
Harold fires a harpoon shot at you. The harpoon shot hits you!
You are yanked forward by the harpoon shot.
Casting: Airstrike (dangerous; 3% risk of failure)
Confirm with . or Enter, or press ? or * to list all spells.
You feel quick.
Harold hits you with a +0 hand axe of freezing!!
Ouch! That really hurt!
Harold freezes you.
* * * LOW HITPOINT WARNING * * *
Harold fires a harpoon shot at you. The harpoon shot hits you!
You die...

#### ##.......####..## # ...#
##..............# .. ...#
##...........)...# .# #.##
#...#...........##### .# #.#
##.#.#..................###
#.####....#........####........#
.......#.##........# #.......##
##.#####........>.##
#######.#..# ...#.....#......@.#
#.........# ..>..##.......(...#
##.....(...#
#######..##.....@.###..........#
...............................#
######..##.#####.###############
######..#..# #.# ##........##
#.# .#.......## #.. .#.......#
##.


You could see Harold.

Vanquished Creatures
  Grinder (D:3)
  Menkaure (D:7)
  A water moccasin (D:7)
  An ice beast (D:8)
  A black bear (D:8)
  A necrophage (D:7)
  An ogre (D:4)
  A big kobold (D:4)
  A bullfrog (D:7)
  2 scorpions
  2 howler monkeys (D:8)
  A bullfrog zombie (D:3)
  3 hounds
  An iguana (D:8)
  A centaur skeleton (D:4)
  6 orc wizards
  Natasha (thrice) (D:2)
  2 worker ants
  A hound skeleton (D:4)
  3 adders
  A shadow imp (D:7)
  A white imp (D:5)
  3 oozes
  An adder skeleton (D:7)
  2 worms (D:2)
  A dart slug (D:4)
  17 orcs
  5 bats
  6 giant cockroaches
  11 goblins
  8 hobgoblins
  10 jackals
  3 quokkas
  A ball python (D:3)
  3 frilled lizards
  A jackal zombie (D:8)
  10 kobolds
  2 leopard gecko zombies (D:8)
  8 rats
128 creatures vanquished.

Notes
Turn   | Place    | Note
-------+----------+-------------------------------------------
     0 | D:1      | jiml777 the Deep Elf Air Elementalist began the quest for
                  | the Orb.
     0 | D:1      | Reached XP level 1. HP: 10/10 MP: 6/6
   128 | D:1      | Reached XP level 2. HP: 15/15 MP: 5/8
   960 | D:1      | Reached XP level 3. HP: 19/19 MP: 7/10
  1690 | D:2      | Noticed Natasha
  1711 | D:2      | Killed Natasha
  1712 | D:2      | Reached skill level 4 in Spellcasting
  1782 | D:2      | Noticed Natasha
  1788 | D:2      | Killed Natasha
  1789 | D:2      | Reached XP level 4. HP: 12/24 MP: 9/12
  1917 | D:2      | Noticed Natasha
  1924 | D:2      | Killed Natasha
  2510 | D:3      | Noticed Grinder
  2526 | D:3      | Killed Grinder
  2527 | D:3      | Reached skill level 5 in Spellcasting
  2527 | D:3      | Reached XP level 5. HP: 18/28 MP: 1/15
  2527 | D:3      | Reached XP level 6. HP: 21/32 MP: 1/16
  2680 | D:3      | Learned a level 2 spell: Swiftness
  2684 | D:3      | Learned a level 3 spell: Static Discharge
  2689 | D:3      | Learned a level 4 spell: Airstrike
  2695 | D:3      | Learned a level 5 spell: Lightning Bolt
  2812 | D:3      | Reached skill level 6 in Spellcasting
  2812 | D:3      | Reached skill level 5 in Air Magic
  3275 | D:3      | Found a glowing silver altar of Zin.
  3276 | D:3      | Found Zin's Purification Station.
  3844 | D:4      | Reached XP level 7. HP: 36/36 MP: 3/19
  3981 | D:4      | Reached skill level 7 in Spellcasting
  4387 | D:4      | Found a staircase to the Ecumenical Temple.
  4391 | Temple   | Entered the Ecumenical Temple
  4428 | Temple   | Became a worshipper of Sif Muna the Loreminder
  4944 | D:5      | Entered Level 5 of the Dungeon
  5276 | D:5      | You fall into a shaft and drop 3 floors!
  5330 | D:8      | Reached skill level 8 in Spellcasting
  5551 | D:8      | Reached XP level 8. HP: 41/41 MP: 13/22
  5988 | D:8      | Reached skill level 5 in Conjurations
  6490 | D:7      | Reached skill level 9 in Spellcasting
  6503 | D:7      | Reached * piety under Sif Muna
  6659 | D:7      | Found a white marble altar of Elyvilon.
  6891 | D:7      | Noticed Menkaure
  6895 | D:7      | Killed Menkaure
  7105 | D:7      | Noticed Harold
  7573 | D:7      | Killed from afar by Harold

Illustrated notes

Levels and vault maps discovered:
D:1:      dpeg_arrival_brainrot, layout_loops_ring
D:2:      layout_loops_ring, minmay_crystal_water, uniq_natasha
D:3:      layout_rooms, zin_purify, uniq_grinder
D:4:      layout_loops_ring, minmay_temple_entry_grid
D:5:      layout_gridville
D:7:      layout_rooms, basic_altar, uniq_menkaure, uniq_harold
D:8:      layout_loops_ring
Temple:   nicolae_temple_the_god_donut

Skill      XL: |  1  2  3  4  5  6  7  8 |
---------------+-------------------------+-----
Spellcasting   | 4 5 6 8 9 |  9.6
Air Magic      | 4 5 6 7 |  7.3
Conjurations   | 3 4 5 |  5.7
Stealth        | 3 |  3.3
Fighting       | |  0.2
Short Blades   | |  0.3
Dodging        | |  2.8

Action                   |  1- 3 |  4- 6 |  7- 9 || total
-------------------------+-------+-------+-------++-------
Melee: Unarmed           |     8 |       |       ||     8
       Short sword       |       |     8 |       ||     8
 Cast: Shock             |    59 |    76 |    21 ||   156
       Airstrike         |       |    14 |    80 ||    94
       Lightning Bolt    |       |       |     3 ||     3
       Swiftness         |       |       |     2 ||     2
  Use: Scroll            |       |    13 |     5 ||    18
Armor: Robe              |     3 |     2 |       ||     5
Dodge: Dodged            |    15 |    20 |     7 ||    42

Table legend: (Time is in decaauts)
 A = Elapsed time spent in this place.
 B = Non-inter-level travel time spent in this place.
 C = Inter-level travel time spent in this place.
 D = Time resting spent in this place.
 E = Time spent auto-exploring this place.
 F = Levels seen in this place.
 G = Mean time per level.
                   A        B        C        D        E       F      G
               +--------+--------+--------+--------+--------+-----+--------+
         Total |   7579 |   7427 |    152 |   3515 |   2777 |   8 |  947.4 |
       Dungeon |   7519 |   7389 |    130 |   3515 |   2777 |   7 | 1074.1 |
        Temple |     59 |     37 |     22 |      0 |      0 |   1 |   59.0 |
               +--------+--------+--------+--------+--------+-----+--------+

Top non-repeatable levels by time:
     D:8: 1616 daAuts
     D:1: 1327 daAuts
     D:4: 1322 daAuts
     D:2: 1169 daAuts
     D:3: 1074 daAuts
     D:7: 680 daAuts
     D:5: 329 daAuts
  Temple: 59 daAuts
